AoeStats
← Planck Walk

MegaRandom

508093295Analyzed
4v4 RM · 11d ago on Sep 20, 2026· 37m 50s· 8 players
Game mode
Random Map
Map size
Large (8 player)
Population
200
Speed
Normal
Resources
Standard
Victory
Conquest
Starting age
Dark Age
Ending age
Imperial Age
RankedLock teamsTeams togetherTeam positionsShared explorationLock speedFull tech treeHidden civsTurbo modeCheats
Victory
Defeat
🇧🇪 Italians · Belgium
1351
+17
🇬🇧 Khmer · United Kingdom
1351
+17
🇺🇸 Persians · United States
1284
+21
🇪🇸 Tupi · Spain
1272
+20
🇧🇷 Britons · Brazil
1391
-19
🇹🇼 Berbers · Taiwan
1371
-19
🇨🇳 Mongols · China
1370
-19
🇺🇸 Malians · United States
1358
-18
TW_Picar
9:42 Loom
12:40 Feudal Age
16:38 Castle Age
15:39 Loom
15:44 Double-Bit Axe
20:17 Horse Collar
20:57 Bow Saw
22:51 Wheelbarrow
22:22 Stone Mining
22:23 Gold Mining
23:59 Fletching
26:55 Bodkin Arrow
28:25 Padded Archer Armor
32:04 Leather Archer Armor
36:29 Imperial Age
Planck Walk
9:02 Loom
10:35 Loom
12:53 Feudal Age
13:16 Fishing Lines
13:23 Double-Bit Axe
18:26 Castle Age
20:30 Bow Saw
23:25 Medium Warships
29:18 Horse Collar
32:17 Wheelbarrow
31:27 Town Watch
32:48 Fletching
36:28 Imperial Age
34:18 Scale Mail Armor
36:51 Demolition Ship
37:44 Husbandry
37:55 Bloodlines
37:08 Heavy Camel Rider
Mateus Viana
9:29 Loom
11:50 Feudal Age
15:57 Castle Age
14:10 Double-Bit Axe
14:50 Horse Collar
20:41 Fletching
22:23 Bodkin Arrow
27:24 Gold Mining
28:42 Ballistics
29:38 Padded Archer Armor
31:35 Heated Shot
35:14 Imperial Age
牛比无极限
9:05 Feudal Age
8:26 Loom
11:23 Double-Bit Axe
15:57 Wheelbarrow
20:31 Castle Age
18:49 Horse Collar
21:47 Hand Cart
22:22 Bloodlines
22:09 Fletching
23:41 Ballistics
24:35 Bodkin Arrow
24:41 Padded Archer Armor
31:40 Imperial Age
32:47 Conscription
31:47 Elite Mangudai
34:25 Bow Saw
34:41 Bracer
34:57 Leather Archer Armor
34:51 Husbandry
CodeRed7109
2:14 Loom
4:58 Loom
11:12 Feudal Age
16:35 Castle Age
15:02 Double-Bit Axe
15:25 Horse Collar
16:17 Scale Barding Armor
17:06 Bloodlines
19:20 Wheelbarrow
20:37 Chain Barding Armor
21:32 Forging
23:45 Husbandry
25:52 Iron Casting
25:31 Bow Saw
29:22 Gold Mining
30:29 Town Watch
31:09 Heavy Plow
38:09 Hand Cart
Alotta Fagina
9:58 Feudal Age
16:03 Castle Age
14:10 Double-Bit Axe
25:05 Medium Warships
25:28 Bow Saw
31:39 Imperial Age
31:37 Wheelbarrow
35:03 Conscription
35:46 Coinage
36:26 Heavy Warships
36:24 Conscription
Gandalff
7:50 Loom
9:55 Feudal Age
11:52 Double-Bit Axe
12:34 Horse Collar
17:46 Fletching
17:56 Padded Archer Armor
22:24 Castle Age
22:17 Wheelbarrow
21:40 Gold Mining
21:40 Stone Mining
22:48 Town Watch
22:47 Crossbowman
23:23 Bodkin Arrow
23:43 Leather Archer Armor
28:26 Ballistics
31:16 Hand Cart
33:44 Imperial Age
35:07 Bracer
36:11 Chemistry
35:35 Arbalester
37:59 Conscription
LanaAio
6:14 Loom
11:10 Feudal Age
17:21 Fletching
27:10 Castle Age
25:36 Fishing Lines
26:59 Double-Bit Axe
28:06 Medium Warships
28:20 Bodkin Arrow
32:28 Gillnets
34:09 Wheelbarrow
39:04 Imperial Age
Connection lost

Rejoining the realm…

Still unreachable

The connection could not be restored.

Session expired

The server has moved on; the page needs a fresh start.